 Dungeon Crawl Stone Soup version 0.26-a0-394-g0b5ff556b1 (webtiles) character file.

Game seed: 2012082686239735526

7 grawtar the Grasshopper (level 2, 19/19 HPs)
             Began as a Halfling Warper on July 23, 2020.
             Quit the game on level 1 of the Dungeon.
             The game lasted 00:00:17 (206 turns).

grawtar the Grasshopper (Halfling Warper)            Turns: 206, Time: 00:00:17

Health: 19/19      AC:  3    Str: 12    XL:     2   Next: 10%
Magic:  4/4        EV: 14    Int: 11    God:
Gold:   10         SH:  0    Dex: 13    Spells: 2/4 levels left

rFire    . . .     SeeInvis .   a - +0 short sword
rCold    . . .     Faith    .   (shield restricted)
rNeg     . . .     Spirit   .   b - +0 leather armour
rPois    .         Reflect  .   (no helmet)
rElec    .         Harm     .   (no cloak)
rCorr    .                      (no gloves)
MR       .....                  (no boots)
Stlth    +.........             (no amulet)
HPRegen  0.06/turn              (no ring)
MPRegen  0.09/turn              (no ring)

@: no status effects
A: small, mutation resistance 1
a: no special abilities


You were on level 1 of the Dungeon.
You visited 1 branch of the dungeon, and saw 1 of its levels.

You collected 10 gold pieces.

Inventory:

Hand Weapons
 a - a +0 short sword (weapon)
Missiles
 e - 5 boomerangs of dispersal (quivered)
Armour
 b - a +0 leather armour (worn)
Scrolls
 d - a scroll of blinking


   Skills:
 + Level 2.0 Fighting
 + Level 2.7 Short Blades
 + Level 1.0 Throwing
 + Level 1.1 Armour
 + Level 2.2 Dodging
 + Level 1.7 Spellcasting
 + Level 3.2 Translocations


You had 2 spell levels left.
You knew the following spells:

 Your Spells              Type           Power        Failure   Level
a - Blink                 Tloc           N/A          16%         2

Your spell library contained the following spells:

 Spells                   Type           Power        Failure   Level
 Gell's Gravitas          Tloc           #.........   30%         3
 Lesser Beckoning         Tloc           #.........   30%         3
 Teleport Other           Tloc           #.......     30%         3
 Passage of Golubria      Tloc           N/A          69%         4


Dungeon Overview and Level Annotations

Branches:
Dungeon (1/15)

Altars:


Innate Abilities, Weirdness & Mutations

You are small and have problems with some larger weapons.
You are somewhat resistant to further mutation.


Message History

The slug dart misses you.
You hit the dart slug.
You kill the dart slug!
You have reached level 2!
Found a whip.
Found 27 bolts.
No target in view!
No target in view!
Found a robe.
There is a stone staircase leading down here.
You see here a whip.
A rat comes into view.
Memorise Blink, consuming 2 spell levels and leaving 2? [Y]es or [N]o only, please.
Memorise Blink, consuming 2 spell levels and leaving 2?
You start memorising the spell.
You continue memorising. x2
You finish memorising.
Spell assigned to 'a'.
You resume training Translocations.
Unknown command.
Are you sure you want to abandon this character and quit the game? (Confirm with "yes".)

#..#..............
##.#..............
###.#..............
#...#..............
'.#..#...####+#####
####.#.#.# #.#
#......#.#
#.#########
#.###..#.#
#.##.r....# #
#..#.# #.##@# #
#..#.####.##.####.#
+
##.#..)...........#
#
#...####....###..#
#...#######.... #
#..>....# #.###.#
#.....#.# #..
#####.#.# ####
#.#(#


You could see a rat.

Vanquished Creatures
  A dart slug (D:1)
  A goblin (D:1)
  A hobgoblin (D:1)
  A frilled lizard (D:1)
  2 rats (D:1)
6 creatures vanquished.

Notes
Turn   | Place    | Note
-------+----------+-------------------------------------------
     0 | D:1      | grawtar the Halfling Warper began the quest for the Orb.
     0 | D:1      | Reached XP level 1. HP: 14/14 MP: 3/3
   165 | D:1      | Reached XP level 2. HP: 19/19 MP: 4/4
   206 | D:1      | Learned a level 2 spell: Blink
   206 | D:1      | Quit the game

Illustrated notes

Levels and vault maps discovered:
D:1:      lightli_arrival_flooded_house, layout_basic, minmay_misc_feat_tiny

Skill      XL: |  1 |
---------------+----+-----
Fighting       | 2 |  2.0
Short Blades   | |  2.7
Throwing       | |  1.0
Armour         | |  1.1
Dodging        | |  2.2
Spellcasting   | |  1.7
Translocations | |  3.2

Action                   || total
-------------------------++-------
Melee: Short sword       ||    19
Armor: Leather armour    ||     7
Dodge: Dodged            ||    12

Table legend: (Time is in decaauts)
 A = Elapsed time spent in this place.
 B = Non-inter-level travel time spent in this place.
 C = Inter-level travel time spent in this place.
 D = Time resting spent in this place.
 E = Time spent auto-exploring this place.
 F = Levels seen in this place.
 G = Mean time per level.
                   A        B        C        D        E       F      G
               +--------+--------+--------+--------+--------+-----+--------+
         Total |    205 |    205 |      0 |      0 |    171 |   1 |  205.0 |
       Dungeon |    205 |    205 |      0 |      0 |    171 |   1 |  205.0 |
               +--------+--------+--------+--------+--------+-----+--------+

Top non-repeatable levels by time:
     D:1: 205 daAuts
